AoeStats
← guigzz

MegaRandom

503823038Analyzed
1v1 RM · 29d ago on Sep 2, 2026· 44m 28s· 2 players
Game mode
Random Map
Map size
Tiny (2 player)
Population
200
Speed
Normal
Resources
Standard
Victory
Conquest
Starting age
Dark Age
Ending age
Imperial Age
RankedLock teamsTeams togetherTeam positionsShared explorationLock speedFull tech treeHidden civsTurbo modeCheats
Victory
Defeat
🇬🇧 Huns · United Kingdom
640
+13
🇨🇦 Teutons · Canada
580
-27
guigzz
10:26 Feudal Age
11:05 Double-Bit Axe
11:30 Loom
14:17 Horse Collar
20:42 Castle Age
22:24 Pikeman
24:40 Scale Barding Armor
26:07 Forging
26:42 Heavy Plow
27:27 Iron Casting
28:24 Squires
28:51 Chain Barding Armor
28:56 Ballistics
29:20 Bloodlines
34:34 Imperial Age
35:40 Crenellations
35:35 Masonry
36:29 Crop Rotation
37:38 Conscription
38:34 Chemistry
38:36 Halberdier
40:24 Blast Furnace
38:49 Cavalier
Wynners24
0:35 Loom
12:13 Feudal Age
14:06 Wheelbarrow
13:28 Double-Bit Axe
13:27 Horse Collar
18:40 Castle Age
17:22 Bloodlines
17:47 Scale Barding Armor
18:27 Forging
19:59 Husbandry
23:32 Iron Casting
26:00 Hand Cart
27:36 Chain Barding Armor
30:14 Marauders
33:12 Imperial Age
30:39 Gold Mining
30:40 Stone Mining
32:12 Bow Saw
32:33 Murder Holes
35:18 Ballistics
34:49 Elite Tarkan
38:27 Plate Barding Armor
38:53 Blast Furnace
39:39 Chemistry
Connection lost

Rejoining the realm…

Still unreachable

The connection could not be restored.

Session expired

The server has moved on; the page needs a fresh start.